 Dungeon Crawl Stone Soup version 0.30-a0-918-g0ff054e9dc (webtiles) character file.

Game seed: 7635071256028046747

107 cforsyth the Trooper (level 5, 0/42 HPs)
             Began as a Human Fighter on Mar 20, 2023.
             Killed by divine providence
             ... invoked by an orc priest
              (10 damage)
             ... on level 4 of the Dungeon.
             The game lasted 00:04:19 (3324 turns).

cforsyth the Trooper (Human Fighter)                Turns: 3324, Time: 00:04:19

Health: 0/42       AC:  8    Str: 18    XL:     5   Next: 10%
Magic:  5/5        EV:  9    Int:  8    God:
Gold:   187        SH:  5    Dex: 13    Spells: 4/4 levels left

rFire   . . .      SeeInvis .    a - +0 flail
rCold   . . .      Faith    .    c - +0 buckler
rNeg    . . .      Spirit   .    b - +0 scale mail
rPois   .          Reflect  .    (no helmet)
rElec   .          Rampage  .    s - +0 cloak
rCorr   .                        (no gloves)
Will    .....                    (no boots) Stlth
                                 (no amulet)
HPRegen 0.27/turn                f - ring of flight
MPRegen 0.09/turn                (no ring)

@: flying
A: no striking features
a: no special abilities


You were on level 4 of the Dungeon.
You visited 1 branch of the dungeon, and saw 4 of its levels.

You collected 187 gold pieces.

Inventory:

Hand Weapons
 a - a +0 flail (weapon)
Armour
 b - a +0 scale mail (worn)
 c - a +0 buckler (worn)
 s - a +0 cloak (worn)
Jewellery
 f - a ring of flight (left hand)
 g - a ring of wizardry
 i - an amulet of faith
 t - the ring of Pilyrphy {rC- rN+ Will+ Int+2 Slay+3}
   (You found it on level 3 of the Dungeon)

   [ring of willpower]

   Int:       It affects your intelligence (+2).
   Slay:      It affects your accuracy & damage with ranged weapons and melee
   (+3).
   rC:        It makes you vulnerable to cold.
   rN:        It protects you from negative energy.
   Will:      It increases your willpower.
Scrolls
 e - a scroll of brand weapon {unknown}
 j - a scroll of fear {unknown}
 k - a scroll of noise {unknown}
 l - a scroll of amnesia {unknown}
 o - a scroll of magic mapping {unknown}
 q - 3 scrolls of identify {unknown}
 r - a scroll of teleportation {unknown}
Potions
 d - a potion of might
 h - 2 potions of heal wounds {unknown}
 m - a potion of lignification {unknown}
 n - 2 potions of curing {unknown}
 p - a potion of haste {unknown}


   Skills:
 + Level 3.7 Fighting
 + Level 2.9 Maces & Flails
 + Level 3.7 Armour
 + Level 3.7 Shields


You had 4 spell levels left.
You didn't know any spells.
Your spell library was empty.

Dungeon Overview and Level Annotations

Branches:
Dungeon (4/15)
 Temple: D:4-7

Altars:
Elyvilon

Shops:
D:3 (


Message History

(D) Dungeon
Where to? (Enter - D:3 @ (x,y), ? - help)
There is a stone staircase leading down here.
You fly downwards.
The orc priest shouts!
The orc shouts!
The orc wizard shouts!
The orc shouts!
The orc priest shouts!
You hear a shout! x3
Found four items.
There is a stone staircase leading up here.
There are monsters nearby!
There are monsters nearby!
There are monsters nearby!
An endoplasm comes into view.
The endoplasm quivers.
A shadow imp comes into view.
The endoplasm hits you but does no damage.
You hit the endoplasm.
The endoplasm is lightly wounded.
The orc priest mumbles some strange prayers to Beogh against you.
Beogh smites you! The endoplasm hits you. The endoplasm freezes you.
You are frozen.
The endoplasm attacks as you move away!
The endoplasm hits you but does no damage.
The shadow imp closely misses you. The shadow imp barely misses you.
The shadow imp gestures at you. Pain shoots through your body!
The endoplasm attacks as you move away! The endoplasm closely misses you.
The endoplasm attacks as you move away! The endoplasm barely misses you.
The shadow imp picks up a beetle and eats it.
The endoplasm attacks as you move away! You block the endoplasm's attack.
The orc priest invokes the aid of Beogh against you.
Beogh smites you!
* * * LOW HITPOINT WARNING * * *
An orc comes into view. It is wielding a +0 hand axe.
Found a scroll labelled YTRUSHR QYWKU.
The orc shouts!
You hear a shout!
The orc priest invokes the aid of Beogh against you.
Beogh smites you!
You die...

###....####
#####.........#
..............#
..........?...#
........###.####
........# #....##
.......5###oo...##
........##.<.$..!#
........J#@o[....#
#.######.........#
# ####.....##
#.....# ........
....!....
..o...... ..?....


You could see 2 orc priests and 2 orcs.

Vanquished Creatures
  3 adders
  A worm (D:3)
  A dart slug (D:1)
  2 orcs
  5 ball pythons
  5 endoplasms
  4 giant cockroaches
  3 goblins
  8 hobgoblins
  3 jackals (D:1)
  6 quokkas
  6 bats
  6 frilled lizards
  9 kobolds
  5 rats (D:1)
67 creatures vanquished.

Notes
Turn   | Place    | Note
-------+----------+-------------------------------------------
     0 | D:1      | cforsyth the Human Fighter began the quest for the Orb.
     0 | D:1      | Reached XP level 1. HP: 18/18 MP: 1/1
   155 | D:1      | Reached XP level 2. HP: 24/24 MP: 2/2
   518 | D:1      | Reached XP level 3. HP: 29/29 MP: 3/3
   744 | D:1      | Found a faded altar of an unknown god.
  1605 | D:2      | Reached XP level 4. HP: 31/35 MP: 4/4
  1661 | D:2      | Found a white marble altar of Elyvilon.
  2915 | D:3      | Reached XP level 5. HP: 19/42 MP: 5/5
  3071 | D:3      | Identified the ring of Pilyrphy {rC- rN+ Will+ Int+2
                  | Slay+3}
  3168 | D:3      | Found Taikloy's Antique Weapon Emporium.
  3324 | D:4      | Killed from afar by an orc priest

Illustrated notes

Levels and vault maps discovered:
D:1:      matt_arrival_diagonals, layout_basic,
          shapermc_ecumenical_altar_hornbeckon
D:2:      layout_basic, basic_altar, due_unseen_surprise
D:3:      layout_basic, serial_shops, shop_statue
D:4:      layout_rooms, uniq_robin, uniq_sigmund

Action                     |  1- 3 |  4- 6 || total
---------------------------+-------+-------++-------
  Melee: Flail             |   126 |   134 ||   260
 Armour: Scale mail        |    73 |    65 ||   138
  Dodge: Dodged            |    63 |    72 ||   135
  Block: Buckler           |    26 |    37 ||    63

Table legend: (Time is in decaauts)
 A = Elapsed time spent in this place.
 B = Non-inter-level travel time spent in this place.
 C = Inter-level travel time spent in this place.
 D = Time resting spent in this place.
 E = Time spent auto-exploring this place.
 F = Levels seen in this place.
 G = Mean time per level.
                   A        B        C        D        E       F      G
               +--------+--------+--------+--------+--------+-----+--------+
         Total |   3404 |   3260 |    144 |      0 |   2697 |   4 |  851.0 |
       Dungeon |   3404 |   3260 |    144 |      0 |   2697 |   4 |  851.0 |
               +--------+--------+--------+--------+--------+-----+--------+

Top non-repeatable levels by time:
     D:1: 1409 daAuts
     D:2: 1099 daAuts
     D:3: 880 daAuts
     D:4: 15 daAuts
